 Dungeon Crawl Stone Soup version 0.30-a0-830-gfe289a77b0 (webtiles) character file.

Game seed: 14489318215453556103

56 Esekla the Sneak (level 3, 26/26 HPs)
             Began as an Octopode Delver on Mar 1, 2023.
             Quit the game on level 5 of the Dungeon.
             The game lasted 00:01:51 (195 turns).

Esekla the Sneak (Octopode Delver)                   Turns: 195, Time: 00:01:51

Health: 26/26      AC:  1    Str: 11    XL:     3   Next: 97%
Magic:  4/4        EV: 13    Int: 14    God:
Gold:   0          SH:  0    Dex: 13    Spells: 3/3 levels left

rFire   . . .      SeeInvis .    a - +0 falchion
rCold   . . .      Faith    .    (no shield)
rNeg    . . .      Spirit   .    (helmet restricted)
rPois   .          Reflect  .    (no amulet)
rElec   .          Harm     .    (no ring)
rCorr   .          Rampage  .    (no ring)
Will    .....                    (no ring)
Stlth   +++++                    (no ring)
HPRegen 0.24/turn                (no ring)
MPRegen 0.09/turn                (no ring)
                                 (no ring)
                                 (no ring)

@: hasted, very quick
A: almost no armour, amphibious, 8 rings, camouflage 1, gelatinous body 1,
(nimble swimmer 1), tentacles
a: no special abilities


You were on level 5 of the Dungeon.
You visited 1 branch of the dungeon, and saw 1 of its levels.

Inventory:

Hand Weapons
 a - a +0 falchion (weapon)
 i - a +0 spear
Armour
 e - a +0 buckler
Wands
 f - a wand of digging (3)
Scrolls
 b - a scroll of fog
 d - a scroll of fear
 g - a scroll of identify {unknown}
 h - a scroll of poison {unknown}
Potions
 c - a potion of ambrosia {unknown}


   Skills:
 * Level 3.3 Fighting
 * Level 2.3 Long Blades
 * Level 2.3 Dodging
 + Level 7.4 Stealth
 * Level 0.9 Spellcasting


You had 3 spell levels left.
You didn't know any spells.
Your spell library was empty.

Dungeon Overview and Level Annotations

Branches:
Dungeon (5/15)
 Temple: D:4-7

Altars:
Ashenzari
Hepliaklqana
Okawaru
Ru
Sif Muna
The Shining One


Innate Abilities, Weirdness & Mutations

You cannot wear most types of armour.
You are amphibious.
You can wear up to eight rings at the same time.
Your skin changes colour to match your surroundings (Stealth+).
Your rubbery body absorbs attacks. (AC +1, EV +1)
((You are camouflaged when in or above water. (Stealth+)))
You have tentacles for arms and can constrict up to eight enemies at once.


Message History

You hit the iguana but do no damage. Your squeeze misses the iguana.
The iguana is almost dead.
You constrict the iguana.
You kill the iguana!
You start resting.
Magic restored.
You start resting.
HP restored.
You see here a hound corpse.
Found a spear.
A quokka comes into view.
Found a stone staircase leading up.
Found a stone staircase leading up.
Found a helmet.
Found 3 stones.
The helpless quokka fails to defend itself.
You hit the quokka. Your grab misses the quokka.
The quokka is almost dead.
The quokka barely misses you. The quokka misses you.
You barely miss the quokka. You grab the quokka.
The quokka is almost dead.
You constrict the quokka.
You kill the quokka!
You see here a +0 spear.
i - a +0 spear A phantom comes into view.
There is a stone staircase leading up here.
There is a stone staircase leading up here.
You feel yourself speed up. The phantom closely misses you.
There is a stone staircase leading up here.
There is a stone staircase leading up here.
You see here 3 stones.
Found a pair of gloves.
Found a sacrificial altar of Ru and an iron altar of Okawaru.
Found a buckler.
Found four altars.
You see here a +0 buckler.
e - a +0 buckler
There is an iron altar of Okawaru here.
Are you sure you want to abandon this character and quit the game? (Confirm with "yes".)

.#.### ##._..._...#
...# #..........#
...# #....⌠.....#
#..# #..........#
...# #.._..._.#.#
..#######...._...#.#
..........[........#
#################.##
,,,,,,,,,.......@..#
*********###########
,,*,,,,,,,*
*,*******,* ,,* *,*
*** *,* *********,*
,,,,,,,,,,*
***********


There were no monsters in sight!

Vanquished Creatures
  A hound (D:5)
  An iguana (D:5)
  A quokka (D:5)
3 creatures vanquished.

Notes
Turn   | Place    | Note
-------+----------+-------------------------------------------
     0 | D:5      | Esekla the Octopode Delver began the quest for the Orb.
     0 | D:5      | Reached XP level 1. HP: 16/16 MP: 1/1
    49 | D:5      | Noticed an iguana
    50 | D:5      | Noticed a hound
    60 | D:5      | Killed a hound
    61 | D:5      | Reached skill level 7 in Stealth
    61 | D:5      | Reached XP level 2. HP: 19/21 MP: 2/2
    61 | D:5      | Reached XP level 3. HP: 23/26 MP: 3/3
   145 | D:5      | Noticed a phantom
   181 | D:5      | Found a sacrificial altar of Ru.
   181 | D:5      | Found an iron altar of Okawaru.
   183 | D:5      | Found a hazy altar of Hepliaklqana.
   183 | D:5      | Found a broken altar of Ashenzari.
   183 | D:5      | Found a shimmering blue altar of Sif Muna.
   183 | D:5      | Found a glowing golden altar of the Shining One.
   195 | D:5      | Quit the game

Illustrated notes

Levels and vault maps discovered:
D:5:      layout_basic, grunt_temple_overflow_open

Skill      XL: |  1 |
---------------+----+-----
Stealth        | 7 |  7.4
Fighting       | |  3.3
Long Blades    | |  2.3
Dodging        | |  2.3
Spellcasting   | |  0.9

Action                     || total
---------------------------++-------
  Melee: Falchion          ||    10
         Constrict         ||     3
         Tentacles         ||     3
    Use: Scroll            ||     1
         Potion            ||     1
   Stab: Sleeping          ||     1
 Armour: Skin              ||     1
  Dodge: Dodged            ||    12

Table legend: (Time is in decaauts)
 A = Elapsed time spent in this place.
 B = Non-inter-level travel time spent in this place.
 C = Inter-level travel time spent in this place.
 D = Time resting spent in this place.
 E = Time spent auto-exploring this place.
 F = Levels seen in this place.
 G = Mean time per level.
                   A        B        C        D        E       F      G
               +--------+--------+--------+--------+--------+-----+--------+
         Total |    184 |    184 |      0 |     59 |      0 |   1 |  184.0 |
       Dungeon |    184 |    184 |      0 |     59 |      0 |   1 |  184.0 |
               +--------+--------+--------+--------+--------+-----+--------+

Top non-repeatable levels by time:
     D:5: 184 daAuts
